 Dungeon Crawl Stone Soup version 0.22-a0-467-g5c5de1c (webtiles) character file.

9 Gorglomux the Firebug (level 2, -5/15 HPs)
             Began as a Deep Elf Fire Elementalist on June 10, 2018.
             Killed from afar by Natasha (9 damage)
             ... with a magic dart
             ... on level 2 of the Dungeon.
             The game lasted 00:01:57 (253 turns).

Gorglomux the Firebug (Deep Elf Fire Elementalist)   Turns: 253, Time: 00:01:57

Health: -5/15      AC:  2    Str:  5    XL:     2   Next: 3%
Magic:  4/8        EV: 13    Int: 19    God:
Gold:   10         SH:  0    Dex: 15    Spells: 6/7 levels left

rFire    . . .     SeeInvis .   P - 3 rations
rCold    . . .     Gourm    .   (no shield)
rNeg     . . .     Faith    .   a - +0 robe
rPois    .         Spirit   .   (no helmet)
rElec    .         Reflect  .   (no cloak)
rCorr    .         Harm     .   (no gloves)
MR       .....                  (no boots)
Stlth    ++........             (no amulet)
HPRegen  0.05/turn              (no ring)
MPRegen  0.11/turn              (no ring)

@: no status effects
A: no striking features
a: no special abilities


You were on level 2 of the Dungeon.
You were not hungry.

You visited 1 branch of the dungeon, and saw 2 of its levels.

You collected 10 gold pieces.

Inventory:

Hand Weapons
 f - a +0 short sword
Armour
 a - a +0 robe (worn)
Jewellery
 d - a +3 ring of intelligence {unknown}
Scrolls
 g - a scroll of fog {unknown}
 S - a scroll of enchant weapon {unknown}
Potions
 e - a potion of cancellation {unknown}
 R - a potion of curing {unknown}
Comestibles
 P - 3 rations (in hand)
 Q - 6 chunks of flesh


   Skills:
 - Level 2.4 Dodging
 - Level 2.4 Stealth
 + Level 3.3 Spellcasting
 + Level 1.5 Conjurations
 + Level 3.5 Fire Magic


You had 6 spell levels left.
You knew the following spells:

 Your Spells              Type           Power        Failure   Level  Hunger
a - Flame Tongue          Conj/Fire      ##...        5%          1    None

Your spell library contained the following spells:

 Spells                   Type           Power        Failure   Level  Hunger
 Fireball                 Conj/Fire      ##........   82%         5    ######.
 Conjure Flame            Conj/Fire      ##......     16%         3    ###....
 Throw Flame              Conj/Fire      ##....       8%          2    ##.....
 Sticky Flame             Conj/Fire      ##......     45%         4    ####...
 Inner Flame              Hex/Fire       #.......     22%         3    ###....


Dungeon Overview and Level Annotations

Branches:
Dungeon (2/15)

Altars:

Annotations:
D:2 Natasha


Message History

Casting: Flame Tongue (safe; 5% risk of failure)
Confirm with ! or Enter, or press ? or * to list all spells!
Aiming: Flame Tongue (safe; 5% risk of failure)
Press: ? - help, Shift-Dir - straight line, f/p - Natasha
Aim: Butt The flame tongue hits Natasha!
Natasha is severely wounded!
Natasha claws you!!! * * * don't die
* * *
Casting: Flame Tongue (safe; 5% butt of failure)
Confirm with ! or Enter, or press ? or * to list all spells!
Aiming: Flame Tongue (safe; 5% risk of failure)
Press: ? - help, Shift-Dir - straight line, f/p - Natasha
Aim: Natasha (severely wounded)
The flame tongue hits Natasha!
Natasha appears unharmed!
Natasha is butt-ly wounded!
Natasha casts a spell at you! The magic dart hits you!!!
DANG rip

### #.. #. #.#
#. # #h# ##. #.
#@# #..#. #.#
#.... #.#
#.#.##########.#
#....[...†.....#
###..###########
#..# #..# #..#


You could see Natasha.

Vanquished Creatures
  A dart slug (D:2)
  3 hobgoblins (D:1)
  A ball python (D:1)
  A frilled lizard (D:1)
  A rat (D:1)
7 creatures vanquished.

Notes
Turn   | Place    | Note
-------+----------+-------------------------------------------
     0 | D:1      | Gorglomux the Deep Elf Fire Elementalist began the quest for the Orb.
     0 | D:1      | Reached XP level 1. HP: 10/10 MP: 6/6
   239 | D:2      | Reached XP level 2. HP: 11/15 MP: 6/8
   246 | D:2      | Noticed Natasha
   253 | D:2      | Killed from afar by Natasha

Vault maps used:
D:1:      dpeg_arrival_shelter
D:2:      marbit_many_paths, nicolae_overflow_hidden_temple,
          minmay_misc_feat_tiny, nemelex_spade_bored_becter, uniq_natasha

Action                   || total
-------------------------++-------
Melee: Short sword       ||     3
 Cast: Flame Tongue      ||    13
Dodge: Dodged            ||     1

Table legend:
 A = Spawn XP
 B = Non-spawn XP
 C = Spawn XP percentage of total XP
 D = Spawn monster count
 E = Non-spawn monster count
 F = Spawn count percentage of total count
 G = Total turns spent on level
                    A         B        C        D         E        F      G
               +---------+---------+-------+---------+---------+-------+---------
         Total |       0 |      13 |   0.0 |       0 |       7 |   0.0 |   253
               +---------+---------+-------+---------+---------+-------+---------
           D:1 |       0 |       9 |   0.0 |       0 |       6 |   0.0 |   214
           D:2 |       0 |       4 |   0.0 |       0 |       1 |   0.0 |    39
               +---------+---------+-------+---------+---------+-------+---------
